 Dungeon Sprint DCSS version 0.30-a0-341-g682706514a (webtiles) character file.

Game seed: 5149155094426786311

2107 Hubris850 the Brawler (level 9, -1/70 HPs)
             Began as a Merfolk Transmuter on Nov 2, 2022.
             Was a High Priest of Sif Muna.
             Slain by a dream sheep (4 damage)
             ... in the Dungeon (Sprint VII: "The Pits").
             The game lasted 00:04:37 (498 turns).

Hubris850 the Brawler (Merfolk Transmuter)           Turns: 498, Time: 00:04:37

Health: -1/70      AC:  9    Str: 15    XL:     9   Next: 28%
Magic:  14/18      EV: 10    Int: 18    God:    Sif Muna [*****.]
Gold:   0          SH:  0    Dex: 14    Spells: 14/21 levels left

rFire   x . .      SeeInvis .      - Unarmed
rCold   + + +      Faith    .    (shield currently unavailable)
rNeg    . . .      Spirit   .    (body armour currently unavailable)
rPois   +          Reflect  .    (helmet currently unavailable)
rElec   .          Harm     .    (cloak currently unavailable)
rCorr   .          Rampage  .    (gloves currently unavailable)
Will    .....      NoTele   +    (boots currently unavailable)
Stlth   +.........               (no amulet)
HPRegen 0.31/turn                p - +3 ring of intelligence
MPRegen 0.16/turn                q - +3 ring of intelligence

@: ice-form, wereblooded
A: freezing attack, boosted hp, large, (nimble swimmer 2), (mertail)
a: End Transformation, Renounce Religion, Channel Magic, Forget Spell, Divine
Exegesis


You were in the Dungeon.
You worshipped Sif Muna.
Sif Muna was extremely pleased with you.
You were a creature of crystalline ice.
You visited 1 branch

Inventory:

Hand Weapons
 l - a +2 dagger of electrocution
 m - a +2 long sword of flaming
 n - a +4 scimitar of flaming
Armour
 a - a +0 robe
 o - a +0 troll leather armour (melded)
 t - a +0 pair of gloves (melded)
 u - a +5 ring mail
 v - a +0 helmet (melded)
Jewellery
 p - a +3 ring of intelligence (left front paw)
 q - a +3 ring of intelligence (right front paw)
Scrolls
 h - a scroll of blinking
 j - 5 scrolls of amnesia
 k - a scroll of summoning
Potions
 b - a potion of lignification
 c - 7 potions of curing
 d - 7 potions of heal wounds
 e - 2 potions of haste
 f - 4 potions of magic
 g - 2 potions of berserk rage
 i - 2 potions of invisibility
 r - 2 potions of brilliance
 s - a potion of might


   Skills:
 - Level 1.1 Fighting
 - Level 2.6 Dodging
 + Level 18.0 Unarmed Combat
 - Level 6.5 Spellcasting
 - Level 8.9 Transmutations
 - Level 8.4 Ice Magic


You had 14 spell levels left.
You knew the following spells:

 Your Spells              Type           Power      Damage    Failure   Level
a - Beastly Appendage     Tmut           76%        N/A       1%          1
b - Ice Form              Ice/Tmut       37%        N/A       3%          4
c - Wereblood             Tmut           38%        N/A       1%          2

Your spell library contained the following spells:

 Spells                   Type           Power      Damage    Failure   Level
 Passwall                 Tmut/Erth      17%        N/A       2%          2
 Spider Form              Tmut/Pois      21%        N/A       5%          3
 Apportation              Tloc           10%        N/A       12%         1
 Kindle Blastsparks       Fire/Tloc/Air  10%        2d10      34%         3
 Passage of Golubria      Tloc           5%         N/A       75%         4
 Iron Shot                Conj/Erth      2%         9d2       100%        6
 Lehudib's Crystal Spear  Conj/Erth      2%         10d2      100%        8


Dungeon Overview and Level Annotations

Branches:
Dungeon (1/1)

Altars:
Ashenzari
Cheibriados
Dithmenos
Elyvilon
Fedhas
Gozag
Hepliaklqana
Kikubaaqudgha
Makhleb
Nemelex Xobeh
Okawaru
Qazlal
Ru
Sif Muna
Trog
Uskayaw
Vehumet
Wu Jian
Xom
Yredelemnul
Zin
The Shining One
Jiyva
Lugonu


Innate Abilities, Weirdness & Mutations

You are a creature of crystalline ice.
You have a powerful freezing melee attack.
Your maximum health is increased.
Your armour is entirely melded.
You are incapable of wielding weapons or throwing items.
((You are very nimble when in or above water. (Stealth+, EV+, Speed+++)))
((Your lower body shifts to a powerful aquatic tail in water.))


Message History

The dream sheep bites you but does no damage.
The wolf howls!
You pummel the dream sheep!! You freeze the dream sheep.
You feel a bit better.
You kill the dream sheep!
Sif Muna accepts your kill.
Your Unarmed Combat skill increases to level 18!
Unknown command.
You hit the dream sheep. You freeze the dream sheep.
The dream sheep is lightly wounded.
The dream sheep bites you. The dream sheep barely misses you.
The crimson imp blinks!
You punch the sea snake! You freeze the sea snake.
The sea snake is moderately wounded.
A wolf comes into view.
The sea snake barely misses you. The dream sheep barely misses you.
The dream sheep bites you.
You barely miss the sea snake.
The sea snake is moderately wounded.
The sea snake misses you.
You closely miss the sea snake.
The sea snake is moderately wounded.
The dream sheep bites you but does no damage.
The sea snake bites you!
You are lethally poisoned!
The sea snake poisons you!
You pummel the sea snake!!
The sea snake seems to slow down.
You freeze the sea snake.
The sea snake is severely wounded.
* * * LOW HITPOINT WARNING * * *
You feel extremely sick. The dream sheep bites you.
* * * LOW HITPOINT WARNING * * *
The dream sheep bites you but does no damage.
The dream sheep bites you!
* * * LOW HITPOINT WARNING * * *
Unknown command.
You feel better. The sea snake bites you!
* * * LOW HITPOINT WARNING * * *
The dream sheep bites you.
You die...

_...###########++######
###'##................#
))'.##......#..#......#
###.##................+
.....'................+
'#####......#..#......#
....##................#
###'#####'#####''######
...†##.......##YY#
....##.......##YSYh.....
#'####.......##.5Yh.....
....##...<...##..#####..
....##.......##..+
....##.......##..#
######.......##..# .#..
##########..#
.#.###########


You could see a sea snake (slow), 2 wolves, 4 dream sheep and a crimson imp.

Vanquished Creatures
  An efreet (D)
  A guardian mummy (D)
  A troll (D)
  Prince Ribbit (D)
  2 dream sheep (D)
  A fire bat (D)
  A floating eye (D)
  Pargi (D)
  A sky beast (D)
  3 wolves (D)
  2 scorpions (D)
  An iron imp (D)
  Jessica (D)
  A mummy (D)
  An adder (D)
  A bat zombie (D)
  An endoplasm (D)
  A giant cockroach (D)
  4 jackals (D)
  A quokka (D)
  A ball python (D)
  A frilled lizard (D)
29 creatures vanquished.

Notes
Turn   | Place    | Note
-------+----------+-------------------------------------------
     0 | D        | Hubris850 the Merfolk Transmuter began the quest for the
                  | Orb.
     0 | D        | Reached XP level 1. HP: 15/15 MP: 3/3
     9 | D        | Noticed a scorpion
    15 | D        | Killed a scorpion
    16 | D        | Reached skill level 5 in Transmutations
    16 | D        | Reached skill level 5 in Ice Magic
    16 | D        | Reached XP level 2. HP: 21/21 MP: 2/7
    16 | D        | Reached XP level 3. HP: 26/26 MP: 2/8
    16 | D        | Reached XP level 4. HP: 32/32 MP: 2/10
    39 | D        | Found a glowing golden altar of the Shining One.
    39 | D        | Found a glowing silver altar of Zin.
    39 | D        | Found a basalt altar of Yredelemnul.
    39 | D        | Found a shimmering altar of Xom.
    39 | D        | Found an ornate altar of the Wu Jian Council.
    39 | D        | Found a bloodstained altar of Trog.
    39 | D        | Found a shimmering blue altar of Sif Muna.
    39 | D        | Found a sacrificial altar of Ru.
    39 | D        | Found a stormy altar of Qazlal.
    39 | D        | Found an iron altar of Okawaru.
    39 | D        | Found a sparkling altar of Nemelex Xobeh.
    39 | D        | Found a burning altar of Makhleb.
    39 | D        | Found a viscous altar of Jiyva.
    39 | D        | Found a hazy altar of Hepliaklqana.
    39 | D        | Found an opulent altar of Gozag.
    39 | D        | Found a blossoming altar of Fedhas.
    39 | D        | Found a white marble altar of Elyvilon.
    39 | D        | Found a shadowy altar of Dithmenos.
    39 | D        | Found a snail-covered altar of Cheibriados.
    40 | D        | Found a radiant altar of Vehumet.
    40 | D        | Found a corrupted altar of Lugonu.
    41 | D        | Found an ancient bone altar of Kikubaaqudgha.
    41 | D        | Found a hide-covered altar of Uskayaw.
    41 | D        | Found a broken altar of Ashenzari.
    42 | D        | Became a worshipper of Sif Muna the Loreminder
    48 | D        | Learned a level 4 spell: Ice Form
    51 | D        | Learned a level 2 spell: Wereblood
    70 | D        | Noticed a scorpion
    82 | D        | Killed a scorpion
    83 | D        | Reached skill level 5 in Spellcasting
    83 | D        | Reached XP level 5. HP: 28/37 MP: 5/12
    88 | D        | Reached * piety under Sif Muna
    95 | D        | Reached ** piety under Sif Muna
    99 | D        | Noticed a floating eye
   105 | D        | Killed a floating eye
   105 | D        | Reached *** piety under Sif Muna
   106 | D        | Reached XP level 6. HP: 43/43 MP: 9/15
   199 | D        | Noticed Pargi
   200 | D        | Noticed Prince Ribbit
   203 | D        | Killed Pargi
   204 | D        | Reached skill level 7 in Unarmed Combat
   207 | D        | Reached **** piety under Sif Muna
   208 | D        | Reached skill level 9 in Unarmed Combat
   211 | D        | Reached XP level 7. HP: 46/48 MP: 10/16
   215 | D        | Killed Prince Ribbit
   216 | D        | Reached skill level 11 in Unarmed Combat
   222 | D        | Reached skill level 12 in Unarmed Combat
   235 | D        | Reached skill level 13 in Unarmed Combat
   236 | D        | Noticed an efreet
   237 | D        | Killed an efreet
   238 | D        | Reached skill level 14 in Unarmed Combat
   238 | D        | Reached XP level 8. HP: 49/54 MP: 12/17
   245 | D        | Reached ***** piety under Sif Muna
   245 | D        | Received a gift from Sif Muna
   250 | D        | Reached skill level 15 in Unarmed Combat
   252 | D        | Got Sif Muna's Almanac of Spelunking and Peregrination {god
                  | gift}
   254 | D        | Noticed Jessica
   254 | D        | Noticed a troll
   254 | D        | Noticed a guardian mummy
   258 | D        | Killed a guardian mummy
   259 | D        | Reached skill level 16 in Unarmed Combat
   262 | D        | Killed a troll
   263 | D        | Reached XP level 9. HP: 22/59 MP: 15/18
   263 | D        | Killed Jessica
   264 | D        | Reached skill level 17 in Unarmed Combat
   487 | D        | Noticed a sea snake
   493 | D        | Reached skill level 18 in Unarmed Combat
   498 | D        | HP: 3/70 [sea snake (15)]
   498 | D        | Slain by a dream sheep

Illustrated notes

Levels and vault maps discovered:
D:        pitsprint [storerooms_1, entrance_room_1, metal_vault_8, armoury_3,
          mini_pit_1, grid_room_1, main_hall_1, silver_pit, the_coven_1,
          the_vestibule_1, steel_vault_1, golden_pit, hallway_of_sentries,
          crystal_vault_4, iron_vault_2, final_vault]

Skill      XL: |  1  2  3  4  5  6  7  8  9 |
---------------+----------------------------+-----
Spellcasting   | 4 5 6 |  6.5
Transmutations | 5 6 8 |  8.9
Ice Magic      | 5 6 8 |  8.4
Unarmed Combat | 9 14 16 18 | 18.0
Fighting       | |  1.1
Dodging        | |  2.6

Action                   |  1- 3 |  4- 6 |  7- 9 || total
-------------------------+-------+-------+-------++-------
Melee: Unarmed           |     5 |    38 |    35 ||    78
       Headbutt          |     3 |       |       ||     3
 Cast: Beastly Appendage |     1 |       |       ||     1
       Wereblood         |       |     2 |     2 ||     4
       Ice Form          |       |     2 |     1 ||     3
  Use: Potion            |     1 |       |     2 ||     3
Armor: Robe              |     1 |       |       ||     1
       Skin              |       |    16 |    12 ||    28
Dodge: Dodged            |     2 |    34 |    19 ||    55

Table legend: (Time is in decaauts)
 A = Elapsed time spent in this place.
 B = Non-inter-level travel time spent in this place.
 C = Inter-level travel time spent in this place.
 D = Time resting spent in this place.
 E = Time spent auto-exploring this place.
 F = Levels seen in this place.
 G = Mean time per level.
                   A        B        C        D        E       F      G
               +--------+--------+--------+--------+--------+-----+--------+
         Total |    499 |    499 |      0 |    143 |      0 |   1 |  499.0 |
       Dungeon |    499 |    499 |      0 |    143 |      0 |   1 |  499.0 |
               +--------+--------+--------+--------+--------+-----+--------+

Top non-repeatable levels by time:
       D: 499 daAuts
